 Dungeon Crawl Stone Soup version 0.30-a0-187-gd9c2deaf24 (webtiles) character file.

Game seed: 12749534431861899958

5 dave1331 the Firebug (level 1, -2/10 HPs)
             Began as a Gargoyle Fire Elementalist on Oct 4, 2022.
             Slain by a quokka (3 damage)
             ... on level 1 of the Dungeon.
             The game lasted 00:00:50 (138 turns).

dave1331 the Firebug (Gargoyle Fire Elementalist)    Turns: 138, Time: 00:00:51

Health: -2/10      AC:  4    Str: 11    XL:     1   Next: 80%
Magic:  3/3        EV: 12    Int: 15    God:
Gold:   8          SH:  0    Dex: 10    Spells: 3/4 levels left

rFire   . . .      SeeInvis .    c - +0 mace
rCold   . . .      Faith    .    (no shield)
rNeg    + . .      Spirit   .    a - +0 robe
rPois   ∞          Reflect  .    (no helmet)
rElec   +          Harm     .    (no cloak)
rCorr   .          Rampage  .    (no gloves)
Will    .....                    (no boots)
Stlth   ++........               (no amulet)
HPRegen 0.21/turn                (no ring)
MPRegen 0.08/turn                (no ring)

@: no status effects
A: sickness immunity, AC +2, negative energy resistance 1, electricity
resistance, torment resistance 1, petrification resistance
a: no special abilities


You were on level 1 of the Dungeon.
You visited 1 branch of the dungeon, and saw 1 of its levels.

You collected 8 gold pieces.

Inventory:

Hand Weapons
 c - a +0 mace (weapon)
Armour
 a - a +0 robe (worn)
Potions
 b - a potion of magic
 d - a potion of ambrosia {unknown}


   Skills:
 + Level 1.6 Dodging
 + Level 2.3 Stealth
 + Level 2.0 Spellcasting
 + Level 1.2 Conjurations
 + Level 3.0 Fire Magic


You had 3 spell levels left.
You knew the following spells:

 Your Spells              Type           Power      Damage    Failure   Level
a - Foxfire               Conj/Fire      32%        2x1d5     9%          1

Your spell library contained the following spells:

 Spells                   Type           Power      Damage    Failure   Level
 Scorch                   Fire           20%        2d6       10%         2
 Inner Flame              Hex/Fire       6%         N/A       34%         3
 Kindle Blastsparks       Fire/Tloc/Air  8%         2d10      41%         3
 Flame Wave               Conj/Fire      8%         2d5       65%         4


Dungeon Overview and Level Annotations

Branches:
Dungeon (1/15)

Altars:


Innate Abilities, Weirdness & Mutations

You are immune to sickness and miasma.
Your stone body is resilient. (AC +2)
You are immune to poison.
You resist negative energy. (rN+)
You are resistant to electric shocks. (rElec)
You are resistant to unholy torment.
You are immune to petrification.


Message History

A quokka comes into view.
The kobold throws a stone.
The stone closely misses you.
A hobgoblin comes into view.
A bat and a quokka come into view.
The kobold throws a stone.
The stone hits you. The bat misses you. The bat barely misses you.
The kobold barely misses you.
The hobgoblin shouts!
You thump the kobold!
You kill the kobold!
The bat hits you but does no damage.
You barely miss the quokka. The bat hits you but does no damage.
The quokka misses you. The quokka barely misses you.
The hobgoblin barely misses you. The quokka closely misses you. x2
The hobgoblin hits you.
You closely miss the quokka. The bat barely misses you.
The quokka bites you but does no damage.
The quokka closely misses you. The hobgoblin barely misses you.
The quokka closely misses you. The quokka bites you.
* * * LOW HITPOINT WARNING * * *
You hit the quokka.
The quokka is severely wounded.
The bat hits you but does no damage. The quokka closely misses you.
The hobgoblin barely misses you. The quokka misses you.
The quokka bites you but does no damage.
You barely miss the quokka.
The quokka is severely wounded.
The bat barely misses you.
The quokka bites you but does no damage.
The hobgoblin closely misses you. The quokka closely misses you.
The quokka bites you but does no damage.
The hobgoblin misses you.
The quokka bites you but does no damage.
The hobgoblin attacks as you move away! The hobgoblin misses you.
The quokka attacks as you move away! The quokka barely misses you.
The quokka bites you.
* * * LOW HITPOINT WARNING * * *
The quokka attacks as you move away! The quokka bites you.
* * * LOW HITPOINT WARNING * * *
The quokka attacks as you move away! The quokka bites you.
You die...

#... .....# .#
##..# #..#.##
#.###...# #.....
#......# #....#
#.#...## #....#
#..>... ....#
#...######...##.#.
#......@rr.)......
##..######g.#####.
###..# #..# #....#
#..# #.##.# #...
#.##.# #.###
#.##.# #.. #.##.#
... #.##..


You could see 2 quokkas and a hobgoblin.

Vanquished Creatures
  A giant cockroach (D:1)
  A hobgoblin (D:1)
  A ball python (D:1)
  3 kobolds (D:1)
6 creatures vanquished.

Notes
Turn   | Place    | Note
-------+----------+-------------------------------------------
     0 | D:1      | dave1331 the Gargoyle Fire Elementalist began the quest for
                  | the Orb.
     0 | D:1      | Reached XP level 1. HP: 10/10 MP: 3/3
   138 | D:1      | Slain by a quokka

Illustrated notes

Levels and vault maps discovered:
D:1:      shiori_arrival_oz, layout_loops_ring,
          shapermc_ecumenical_altar_mp_urbaneastern, kennysheep_another_room

Action                   || total
-------------------------++-------
Melee: Mace              ||    17
       Unarmed           ||     8
Armor: Robe              ||    15
Dodge: Dodged            ||    38

Table legend: (Time is in decaauts)
 A = Elapsed time spent in this place.
 B = Non-inter-level travel time spent in this place.
 C = Inter-level travel time spent in this place.
 D = Time resting spent in this place.
 E = Time spent auto-exploring this place.
 F = Levels seen in this place.
 G = Mean time per level.
                   A        B        C        D        E       F      G
               +--------+--------+--------+--------+--------+-----+--------+
         Total |    144 |    144 |      0 |     21 |     27 |   1 |  144.0 |
       Dungeon |    144 |    144 |      0 |     21 |     27 |   1 |  144.0 |
               +--------+--------+--------+--------+--------+-----+--------+

Top non-repeatable levels by time:
     D:1: 144 daAuts
